 Dungeon Crawl Stone Soup version 0.29.0-4-gdea44cf6ec (webtiles) character file.

Game seed: 15308103291092577520

16 qw the Chopper (level 2, 0/17 HPs)
             Began as a Tengu Warper on Aug 28, 2022.
             Slain by a worm (9 damage)
             ... on level 2 of the Dungeon.
             The game lasted 00:00:08 (1170 turns).

qw the Chopper (Tengu Warper)                       Turns: 1170, Time: 00:00:08

Health: 0/17       AC:  7    Str: 11    XL:     2   Next: 58%
Magic:  6/6        EV:  7    Int: 13    God:
Gold:   23         SH: 10    Dex: 13    Spells: 5/5 levels left

rFire   + . .      SeeInvis .   Y - +1 hand axe
rCold   . . .      Faith    .   e - +0 tower shield
rNeg    . . .      Spirit   .   b - +0 leather armour
rPois   .          Reflect  .   (helmet restricted)
rElec   .          Harm     .   (no cloak)
rCorr   .          Rampage  .   (no gloves)
Will    .....                   (boots unavailable)
Stlth   +.........              f - amulet of the acrobat
HPRegen 0.05/turn               d - ring of protection from fire
MPRegen 0.10/turn               p - +4 ring of protection

@: no status effects
A: beak, talons 3
a: no special abilities


You were on level 2 of the Dungeon.
You visited 1 branch of the dungeon, and saw 2 of its levels.

You collected 23 gold pieces.


Innate Abilities, Weirdness & Mutations

You have a beak for a mouth.
You have claws for feet.


   Skills:
 - Level 2.0 Fighting
 - Level 3.3 Axes
 - Level 1.0 Throwing
 - Level 1.1 Armour
 - Level 2.1 Dodging
 + Level 0.3 Shields
 - Level 2.0 Spellcasting
 - Level 2.4 Translocations


You had 5 spell levels left.
You didn't know any spells.
Your spell library contained the following spells:

 Spells                   Type           Power      Damage    Failure   Level
 Blink                    Tloc           14%        N/A       98%         2
 Gell's Gravitas          Tloc           7%         N/A       100%        3
 Lesser Beckoning         Tloc           7%         N/A       100%        3
 Teleport Other           Tloc           7%         N/A       100%        3
 Manifold Assault         Tloc           7%         N/A       100%        5

Inventory:

Hand Weapons
 m - a +0 flail
 Y - a +1 hand axe (weapon)
Armour
 b - a +0 leather armour (worn)
 c - a +0 ring mail
 e - a +0 tower shield (worn)
Jewellery
 d - a ring of protection from fire (left hand)
 f - an amulet of the acrobat (around neck)
 p - a +4 ring of protection (right hand)
Potions
 a - a potion of haste {unknown}
 g - 2 potions of curing
 h - a potion of heal wounds {unknown}
 i - a potion of invisibility {unknown}
 j - a potion of degeneration {unknown}
 n - a potion of resistance {unknown}

Dungeon Overview and Level Annotations

Branches:
Dungeon (2/15)

Altars:
Xom


Message History

You kill the frilled lizard!
Found a shimmering altar of Xom.
There is a shimmering altar of Xom here.
A kobold comes into view. It is wielding a +0 short sword.
The kobold shouts!
You hit the kobold. You claw the kobold.
You kill the kobold!
Things that are here:
a +0 short sword; 2 stones; a kobold corpse
a - a coppery potion
c - a +0 ring mail
Found a stone staircase leading up.
You now have 23 gold pieces (gained 7).
A worm comes into view.
Enter note: You barely miss the worm.
Your peck misses the worm. You block the worm's attack.
You hit the worm.
The worm is lightly wounded.
You block the worm's attack.
You barely miss the worm. You block the worm's attack.
You hit the worm. Your kick misses the worm.
The worm is moderately wounded.
The worm bites you!
Ouch! That really hurt!
You hit the worm.
The worm is moderately wounded.
You block the worm's attack.
You hit the worm. You peck the worm.
The worm is heavily wounded.
The worm bites you but does no damage.
You barely miss the worm. Your kick misses the worm. You peck the worm.
The worm is heavily wounded.
The worm closely misses you.
You hit the worm. Your kick misses the worm. You peck the worm.
The worm is almost dead.
The worm bites you!
Ouch! That really hurt!
You die...

#########
...########.......#
#...w@..#.#####.#
#.#####.#.......#
.....#>
#.##.......#.......
#.....
#.##.##.#..#.##.###
##.#..#
#.##.##.#..... #
......
#.......##.####
#.... #....#####.#
#...# ####.#### #..
#...# ###.....#
####


You could see a worm.

Vanquished Creatures
  3 endoplasms (D:1)
  2 goblins (D:1)
  3 kobolds
  2 ball pythons (D:1)
  3 frilled lizards
  3 rats (D:1)
16 creatures vanquished.

Notes
Turn   | Place    | Note
-------+----------+-------------------------------------------
     0 | D:1      | qw the Tengu Warper began the quest for the Orb.
     0 | D:1      | Reached XP level 1. HP: 12/12 MP: 4/4
     0 | D:1      | 0 ||| qw: Version: 0.1-a-89-g26bdef1
     0 | D:1      | 0 ||| qw: Game counter: 700
     0 | D:1      | 0 ||| qw: Always use a shield: true
     0 | D:1      | 0 ||| qw: God list: Okawaru
     0 | D:1      | 0 ||| qw: Allow faded altars: false
     0 | D:1      | 0 ||| qw: Do Orc after D:15 true
     0 | D:1      | 0 ||| qw: Do second Lair branch before Depths: true
     0 | D:1      | 0 ||| qw: Lair rune preference: random
     0 | D:1      | 0 ||| qw: Plans: Normal
     0 | D:1      | 0 ||| PLANNING D:1-11
   120 | D:1      | 120 ||| DROPPING +0 whip.
   301 | D:1      | Reached XP level 2. HP: 17/17 MP: 6/6
   321 | D:1      | Reached skill level 3 in Axes
   596 | D:1      | Found a faded altar of an unknown god.
   904 | D:1      | 904 ||| UPGRADING to +0 tower shield.
   909 | D:1      | 909 ||| UPGRADING to amulet of the acrobat.
   914 | D:1      | 914 ||| UPGRADING to ring of protection from fire.
   915 | D:1      | 915 ||| UPGRADING to +4 ring of protection.
   916 | D:1      | 916 ||| READING scroll labelled EPRUPLA XUSIGA.
  1056 | D:1      | 1056 ||| READING scroll labelled NYQAXZ HELY.
  1057 | D:1      | 1057 ||| READING scroll labelled VIZELO BIEMY.
  1058 | D:1      | 1058 ||| DRINKING 3 puce potions.
  1059 | D:1      | 1059 ||| DROPPING scroll of blinking.
  1088 | D:2      | Found a shimmering altar of Xom.
  1170 | D:2      | Slain by a worm

Levels and vault maps discovered:
D:1:      mushboom_english_gardens, layout_basic, serial_forest,
          infiniplex_forest_zigzag_2, infiniplex_forest_clump_double,
          infiniplex_forest_clump_small, infiniplex_forest_end_double,
          infiniplex_forest_corner_1, infiniplex_forest_lined_corner,
          infiniplex_forest_lined_corner, infiniplex_forest_straight_2,
          infiniplex_forest_end_2, hellmonk_ecumenical_altar_prayer_group
D:2:      layout_loops_cross, serial_shops, shop, basic_altar,
          lemuel_flame_loot_1

Skill      XL: |  1  2 |
---------------+-------+-----
Axes           | 3 |  3.3
Fighting       | |  2.0
Throwing       | |  1.0
Armour         | |  1.1
Dodging        | |  2.1
Shields        | |  0.3
Spellcasting   | |  2.0
Translocations | |  2.4

Action                   || total
-------------------------++-------
Melee: Hand axe          ||    31
       Kick              ||     6
       Peck              ||     7
Throw: Boomerang         ||     7
  Use: Scroll            ||     3
       Potion            ||     1
 Stab: Sleeping          ||     1
Armor: Leather armour    ||     4
Dodge: Dodged            ||     9
Block: Tower shield      ||     4

Table legend:
 A = Non-vault XP
 B = Vault XP
 C = Vault XP percentage of total XP
 D = Non-vault monster count
 E = Vault monster count
 F = Vault count percentage of total count
                 A         B        C        D         E       F
            +---------+---------+-------+---------+---------+-------
      Total |      20 |       4 |  16.7 |      14 |       2 |  12.5
            +---------+---------+-------+---------+---------+-------
        D:1 |      17 |       4 |  19.0 |      12 |       2 |  14.3
        D:2 |       3 |       0 |   0.0 |       2 |       0 |   0.0
            +---------+---------+-------+---------+---------+-------
